 Dungeon Crawl Stone Soup version 0.31-a0-188-g5e087ee2ca (webtiles) character file.

Game seed: 1209429199503971065

30 qw the Shooter (level 3, 0/20 HPs)
             Began as a Deep Elf Hunter on June 22, 2023.
             Succumbed to their own poison gas
             ... on level 3 of the Dungeon.
             The game lasted 00:00:14 (698 turns).

qw the Shooter (Deep Elf Hunter)                     Turns: 698, Time: 00:00:15

Health: 0/20       AC:  3    Str: 10    XL:     3   Next: 5%
Magic:  5/5        EV: 12    Int: 13    God:
Gold:   50         SH:  0    Dex: 18    Spells: 2/2 levels left

rFire   . . .        Y - +0 shortbow
rCold   . . .        (shield currently unavailable)
rNeg    . . .        c - +0 leather armour
rPois   .            (no helmet)
rElec   .            (no cloak)
rCorr   .            (no gloves)
SInv    .            (no boots)
Will    .....        (no amulet)
Stlth   ++           (no ring)
HPRegen 0.23/turn    (no ring)
MPRegen 0.09/turn

%: no passive effects
@: lethally poisoned (0 -> -2)
A: no striking features
a: no special abilities


You were on level 3 of the Dungeon.
You visited 1 branch of the dungeon, and saw 3 of its levels.

You collected 50 gold pieces.


   Skills:
 - Level 1.5 Fighting
 + Level 6.6 Ranged Weapons
 - Level 2.4 Dodging
 - Level 1.2 Stealth


You had 2 spell levels left.
You didn't know any spells.
Your spell library was empty.

Inventory:

Hand Weapons
 Y - a +0 shortbow (weapon)
Armour
 c - a +0 leather armour (worn)
Potions
 b - a potion of brilliance {unknown}

Dungeon Overview and Level Annotations

Branches:
Dungeon (3/15)

Altars:


Message History

You see here a staff of death.
You open the door.
There is an open door here.
b - a murky brown potion A rat comes into view.
You shoot an arrow. The arrow hits the rat!
You kill the rat!
Found a club.
Enter note:
Found 7 stones.
Enter note: A sourceless malevolence fills the Dungeon...
You fall into a shaft and drop 1 floor!
The shaft crumbles and collapses.
Found a stone staircase leading up.
Waypoint 2 assigned to D:3.
690 ||| READING scroll labelled PAVEAL QEBRO.
The air fills with toxic fumes!
As you read the scroll labelled PAVEAL QEBRO, it crumbles to dust.
It was a scroll of poison.
(D) Dungeon
Where to? (* - list waypoints, Enter - D:2, ? - help)
What level of the Dungeon? (default 1, ? - help) Sorry, I don't know how to get there.
Really walk into that cloud of poison gas?
You are engulfed in poison gas.
You are poisoned.
You feel very sick.
692 ||| Stepping ~*~*~tactically~*~*~ (cloud).
You feel very sick.
There is a lethal amount of poison in your body!
You feel very sick.
There is a lethal amount of poison in your body!
You feel sick.
There is a lethal amount of poison in your body!
You feel sick.
There is a lethal amount of poison in your body!
You feel sick.
There is a lethal amount of poison in your body!
You feel sick.
There is a lethal amount of poison in your body!
You die...

#### 0¤#
#0#
#@####...
#¤¤00¤#
#...0¤¤¤#¤#
#..¤¤¤¤0#
#.¤00¤0¤#
#0¤¤¤¤¤¤#
#0¤¤00¤¤#
¤¤¤0¤0¤¤#
.#.......#


There were no monsters in sight!

Vanquished Creatures
  2 dart slugs (D:1)
  4 ball pythons (D:1)
  4 endoplasms (D:1)
  A giant cockroach (D:1)
  2 goblins (D:1)
  A hobgoblin (D:1)
  2 kobolds (D:1)
  A quokka (D:2)
  2 bats (D:1)
  3 frilled lizards (D:1)
  3 rats
25 creatures vanquished.

Notes
Turn   | Place    | Note
-------+----------+-------------------------------------------
     0 | D:1      | qw the Deep Elf Hunter began the quest for the Orb.
     0 | D:1      | Reached XP level 1. HP: 12/12 MP: 3/3
     0 | D:1      | 0 ||| qw: Version: 0.3-a-9-g12657ce
     0 | D:1      | 0 ||| qw: Game counter: 2951
     0 | D:1      | 0 ||| qw: Always use a shield: true
     0 | D:1      | 0 ||| qw: God list: Okawaru
     0 | D:1      | 0 ||| qw: Allow faded altars: false
     0 | D:1      | 0 ||| qw: Do Orc after D:15 true
     0 | D:1      | 0 ||| qw: Do second Lair branch before Depths: true
     0 | D:1      | 0 ||| qw: Lair rune preference: random
     0 | D:1      | 0 ||| qw: Plans: Normal
     0 | D:1      | 0 ||| PLANNING D:1-11
   157 | D:1      | Reached XP level 2. HP: 16/16 MP: 4/4
   158 | D:1      | Reached skill level 6 in Ranged Weapons
   510 | D:1      | Reached XP level 3. HP: 20/20 MP: 5/5
   565 | D:1      | 565 ||| READING scroll labelled NIUN ROSMUKOE.
   566 | D:1      | 566 ||| DROPPING scroll of butterflies.
   689 | D:2      | You fall into a shaft and drop 1 floor!
   690 | D:3      | 690 ||| READING scroll labelled PAVEAL QEBRO.
   692 | D:3      | 692 ||| Stepping ~*~*~tactically~*~*~ (cloud).
   694 | D:3      | HP: 4/20 [poisoned by you (poison gas)]
   697 | D:3      | HP: 1/20 [poisoned by you (poison gas)]
   698 | D:3      | Succumbed to their own poison gas

Levels and vault maps discovered:
D:1:      onia_arrival_mini_maze_b, layout_basic
D:2:      layout_basic, chequers_ecumenical_altar_simple, minmay_hedge_maze,
          uniq_natasha
D:3:      layout_basic, mainiacjoe_overflow_tiny_flanked,
          nicolae_overflow_squiral

Skill      XL: |  1  2 |
---------------+-------+-----
Ranged Weapons | 6 |  6.6
Fighting       | |  1.5
Dodging        | |  2.4
Stealth        | |  1.2

Action                     || total
---------------------------++-------
   Fire: Shortbow          ||    49
    Use: Scroll            ||     2
 Armour: Leather armour    ||     1
  Dodge: Dodged            ||     3

Table legend:
 A = Non-vault XP
 B = Vault XP
 C = Vault XP percentage of total XP
 D = Non-vault monster count
 E = Vault monster count
 F = Vault count percentage of total count
                 A         B        C        D         E       F
            +---------+---------+-------+---------+---------+-------
      Total |      43 |       1 |   2.3 |      24 |       1 |   4.0
            +---------+---------+-------+---------+---------+-------
        D:1 |      40 |       1 |   2.4 |      22 |       1 |   4.3
        D:2 |       3 |       0 |   0.0 |       2 |       0 |   0.0
            +---------+---------+-------+---------+---------+-------
